General information
- name: BNet
- type: Ladder team game (AT/RT)
- host: Battle.net
- saver: iNT]DOGANDHORSE
map: Friends
- players: 8
- length: 03:45
- speed: Fast
- version: 1.21 W3XP
- replay type:

» download(27 KB)
Players
team 1 (winner)
AlasPoorYorick (
pink | 64 APM | 240 actions | 03:44)
1 Goblin Tinker
1 Pocket Factory
» actions
| Assign group hotkey | 3 | |
| Build / train | 18 | |
| Enter build submenu | 4 | |
| Enter hero's abilities submenu | 1 | |
| Right click | 175 | |
| Select / deselect | 30 | |
| Select group hotkey | 4 | |
| Use ability | 5 | |
240 total
» units
» buildings
| Altar of Elders | 1 | |
| Moon Well | 3 | |
4 total
» build order
00:06 Altar of Elders
00:21 Moon Well
01:08 Moon Well
03:37 Moon Well
iNT]DOGANDHORSE (
purple | 77 APM | 290 actions | 03:45)
1 Archmage
1 Blizzard
» actions
| Assign group hotkey | 1 | |
| Build / train | 23 | |
| Enter build submenu | 18 | |
| Enter hero's abilities submenu | 1 | |
| Right click | 112 | |
| Select / deselect | 90 | |
| Select group hotkey | 27 | |
| Use ability | 18 | |
290 total
» units
» buildings
| Altar of Kings | 1 | |
| Lumber Mill | 1 | |
| Farm | 2 | |
| Scout Tower | 11 | |
| Arcane Tower | 2 | |
| Guard Tower | 5 | |
22 total
» build order
00:10 Altar of Kings
00:31 Lumber Mill
00:38 Farm
01:03 Farm
01:07 Scout Tower
01:30 Scout Tower
01:39 Scout Tower
01:44 Scout Tower
01:48 Arcane Tower
02:00 Arcane Tower
02:02 Scout Tower
02:26 Guard Tower
02:28 Scout Tower
02:30 Scout Tower
02:53 Guard Tower
02:55 Guard Tower
02:56 Scout Tower
03:16 Scout Tower
03:17 Guard Tower
03:18 Scout Tower
03:36 Guard Tower
03:43 Scout Tower

»
nutsonYOchin.de (
orange | 41 APM | 153 actions | 03:44)
1 Blademaster
1 Wind Walk
» actions
| Assign group hotkey | 1 | |
| Basic commands | 3 | |
| Build / train | 17 | |
| Enter build submenu | 8 | |
| Enter hero's abilities submenu | 1 | |
| Right click | 70 | |
| Select / deselect | 24 | |
| Select group hotkey | 19 | |
| Use ability | 10 | |
153 total
» units
» upgrades
» buildings
| Altar of Storms | 1 | |
| Orc Burrow | 2 | |
| War Mill | 1 | |
| Watch Tower | 4 | |
8 total
» build order
00:12 Altar of Storms
00:15 Orc Burrow
00:32 War Mill
01:22 Orc Burrow
02:01 Watch Tower
02:25 Watch Tower
03:11 Watch Tower
03:12 Watch Tower
parastaennen.fi (
red | 74 APM | 277 actions | 03:44)
1 Blood Mage
1 Flame Strike
» actions
| Assign group hotkey | 19 | |
| Build / train | 23 | |
| Enter build submenu | 9 | |
| Enter hero's abilities submenu | 1 | |
| Remove unit from queue | 1 | |
| Right click | 150 | |
| Select / deselect | 43 | |
| Select group hotkey | 19 | |
| Use ability | 12 | |
277 total
» units
» upgrades
» buildings
| Altar of Kings | 1 | |
| Farm | 2 | |
| Lumber Mill | 1 | |
| Scout Tower | 5 | |
| Arcane Tower | 1 | |
| Guard Tower | 3 | |
13 total
» build order
00:09 Altar of Kings
00:20 Farm
00:26 Lumber Mill
00:56 Farm
01:16 Scout Tower
01:44 Arcane Tower
01:47 Scout Tower
02:05 Scout Tower
02:17 Guard Tower
02:19 Scout Tower
02:36 Guard Tower
02:51 Guard Tower
03:02 Scout Tower
team 2 (loser)
Bonifan (
green | 243 APM | 739 actions | 03:02)
» actions
| Assign group hotkey | 42 | |
| Build / train | 16 | |
| Enter build submenu | 11 | |
| Right click | 144 | |
| Select / deselect | 84 | |
| Select group hotkey | 430 | |
| Use ability | 12 | |
739 total
» units
| Acolyte | 2 | |
| Wisp | 9 | |
| Ghoul | 1 | |
| Crypt Fiend | 1 | |
13 total
» buildings
| Graveyard | 1 | |
| Crypt | 1 | |
| Altar of Elders | 1 | |
| Ziggurat | 3 | |
| Altar of Darkness | 1 | |
| Moon Well | 2 | |
| Hunter's Hall | 1 | |
| Ancient of War | 1 | |
11 total
» build order
00:07 Graveyard
00:10 Crypt
00:20 Altar of Elders
00:49 Ziggurat
00:51 Altar of Darkness
00:55 Moon Well
01:11 Ziggurat
02:13 Ziggurat
02:18 Hunter's Hall
02:20 Ancient of War
02:25 Moon Well
iFinis.HU (
yellow | 31 APM | 114 actions | 03:43)
» actions
| Build / train | 17 | |
| Enter build submenu | 7 | |
| Remove unit from queue | 1 | |
| Right click | 40 | |
| Select / deselect | 42 | |
| Use ability | 7 | |
114 total
» units
| Peon | 9 | |
| Troll Headhunter/Berserker | 4 | |
13 total
» buildings
| War Mill | 1 | |
| Orc Burrow | 3 | |
| Barracks | 1 | |
| Altar of Storms | 2 | |
7 total
» build order
00:14 War Mill
00:21 Orc Burrow
00:45 Barracks
01:30 Altar of Storms
01:34 Altar of Storms
02:07 Orc Burrow
03:22 Orc Burrow
TuW] (
teal | 133 APM | 487 actions | 03:39)
1 Blademaster
1 Wind Walk
1 Death Knight
1 Death Coil
» actions
| Assign group hotkey | 10 | |
| Build / train | 19 | |
| Enter build submenu | 6 | |
| Enter hero's abilities submenu | 2 | |
| Right click | 191 | |
| Select / deselect | 31 | |
| Select group hotkey | 217 | |
| Use ability | 11 | |
487 total
» units
» buildings
| Altar of Storms | 2 | |
| Orc Burrow | 2 | |
| Barracks | 1 | |
| Voodoo Lounge | 1 | |
6 total
» build order
00:12 Altar of Storms
00:14 Altar of Storms
00:21 Orc Burrow
00:36 Barracks
01:41 Orc Burrow
02:00 Voodoo Lounge
Uni[23] (
blue | 0 APM | 0 actions | 03:45)
Chat log
(00:02 / All) nutsonYOchin.de:
(02:07 / All) nutsonYOchin.de: h-e-y -guy-s
(02:12 / All) iFinis.HU: ..
(02:14 / All) AlasPoorYorick: yo
(02:14 / All) iNT]DOGANDHORSE: fill out from form please